 Dungeon Crawl Stone Soup version 0.31-a0-1-g4198be8af4 (webtiles) character file.

Game seed: 14891777561614958873

803 retardedninja the Firebug (level 7, -5/51 HPs)
             Began as a Gnoll Fire Elementalist on May 1, 2023.
             Was a Follower of Cheibriados.
             Shot with an arrow by a centaur (8 damage)
             ... on level 6 of the Dungeon.
             The game lasted 00:07:36 (7486 turns).

retardedninja the Firebug (Gnoll Fire Elementalist) Turns: 7486, Time: 00:07:36

Health: -5/51      AC:  3    Str: 10    XL:     7   Next: 91%
Magic:  14/15      EV: 14    Int: 19    God:    Cheibriados [*.....]
Gold:   519        SH:  0    Dex: 16    Spells: 14/17 levels left

rFire   . . .        w - +5 great sword
rCold   . . .        (shield currently unavailable)
rNeg    . . .        o - +0 robe
rPois   .            (no helmet)
rElec   .            j - +0 cloak
rCorr   .            (no gloves)
SInv    .            (no boots)
Will    .....        (no amulet)
Stlth   +++          (no ring)
HPRegen 0.28/turn    (no ring)
MPRegen 0.14/turn

%: no passive effects
@: very slow
A: fangs 1, strong nose, distributed training
a: Renounce Religion, Bend Time


You were on level 6 of the Dungeon.
You worshipped Cheibriados.
Cheibriados was aware of your devotion.
You visited 2 branches of the dungeon, and saw 7 of its levels.

You collected 519 gold pieces.

Inventory:

Hand Weapons
 w - a +5 great sword (weapon)
Missiles
 A - a throwing net
Armour
 j - a +0 cloak (worn)
 o - a +0 robe (worn)
 D - a +2 hat
Jewellery
 p - a ring of positive energy
 x - a +5 ring of evasion
Wands
 b - a wand of roots (8)
 y - a wand of acid (3)
Scrolls
 d - 3 scrolls of fog {unknown}
 f - a scroll of acquirement {unknown}
 g - a scroll of noise {unknown}
 k - a scroll of immolation {unknown}
 l - 10 scrolls of identify {unknown}
 m - 2 scrolls of amnesia {unknown}
 q - a scroll of teleportation {unknown}
 r - 2 scrolls of silence {unknown}
 t - a scroll of vulnerability {unknown}
Potions
 a - a potion of degeneration {unknown}
 c - 2 potions of lignification {unknown}
 e - a potion of curing {unknown}
 h - 2 potions of heal wounds {unknown}
 i - a potion of resistance {unknown}
 n - 3 potions of attraction {unknown}
 s - a potion of haste {unknown}
 u - 4 potions of might {unknown}
 v - a potion of brilliance {unknown}
 z - a potion of flight {unknown}
 B - a potion of experience {unknown}
 C - a potion of mutation {unknown}


   Skills:
 + Level 2.9 Fighting
 + Level 2.9 Short Blades
 + Level 2.9 Long Blades
 + Level 2.9 Axes
 + Level 2.9 Maces & Flails
 + Level 2.9 Polearms
 + Level 2.9 Staves
 + Level 2.9 Ranged Weapons
 + Level 2.9 Throwing
 + Level 2.9 Armour
 + Level 5.4 Dodging
 + Level 5.1 Stealth
 + Level 2.9 Shields
 + Level 2.9 Unarmed Combat
 + Level 5.8 Spellcasting
 + Level 3.2 Conjurations
 + Level 2.3 Hexes
 + Level 2.3 Summonings
 + Level 2.3 Necromancy
 + Level 2.3 Translocations
 + Level 2.3 Transmutations
 + Level 6.0 Fire Magic
 + Level 2.3 Ice Magic
 + Level 2.3 Air Magic
 + Level 2.3 Earth Magic
 + Level 2.3 Poison Magic
 + Level 3.2 Invocations
 + Level 2.9 Evocations


You had 14 spell levels left.
You knew the following spells:

 Your Spells              Type           Power      Damage    Failure   Level
a - Foxfire               Conj/Fire      92%        2x1d8     1%          1
b - Scorch                Fire           56%        2d7       1%          2

Your spell library contained the following spells:

 Spells                   Type           Power      Damage    Failure   Level
 Apportation              Tloc           28%        N/A       4%          1
 Momentum Strike          Conj/Tloc      32%        3d8       5%          2
 Inner Flame              Hex/Fire       21%        N/A       6%          3
 Volatile Blastmotes      Fire/Tloc      42%        2d13      6%          3
 Blink                    Tloc           28%        N/A       7%          2
 Lesser Beckoning         Tloc           28%        N/A       7%          2
 Gell's Gravitas          Tloc           14%        N/A       13%         3
 Teleport Other           Tloc           14%        N/A       13%         3
 Flame Wave               Conj/Fire      23%        2d8       17%         4
 Manifold Assault         Tloc           14%        N/A       41%         4
 Alistair's Intoxication  Tmut/Pois      9%         N/A       77%         5
 Dispersal                Tloc           7%         N/A       100%        6
 Storm Form               Tmut/Air       7%         N/A       100%        7


Dungeon Overview and Level Annotations

Branches:
Dungeon (6/15)             Temple (1/1) D:6

Altars:
Ashenzari
Cheibriados
Dithmenos
Elyvilon
Fedhas
Gozag
Hepliaklqana
Kikubaaqudgha
Qazlal
Ru
Trog
Vehumet
Wu Jian
Xom
Yredelemnul
Zin
The Shining One

Shops:
D:5 (   D:6 (

Annotations:
D:2 1 runed translucent door, Crazy Yiuf
D:5 1 runed translucent door, Unforgiven's ghost, novice GrFi


Innate Abilities, Weirdness & Mutations

You have very sharp teeth.
Your uncanny sense of smell can sniff out nearby items.
Your experience applies equally to all skills.


Message History

The hound attacks as you move away! The hound misses you.
The hound bites you but does no damage.
You conjure some foxfire!
The hound completely misses you. The hound bites you but does no damage.
You conjure some foxfire!
The foxfire hits the hound.
The hound is lightly wounded.
The foxfire hits the hound.
The hound is lightly wounded.
The hound closely misses you.
The foxfire hits the hound.
The hound is lightly wounded.
The foxfire hits the hound.
The hound is heavily wounded.
The hound misses you. The hound closely misses you.
You conjure some foxfire!
The hound closely misses you.
The foxfire hits the hound.
The hound is almost dead.
The foxfire hits the hound!
You kill the hound!
Cheibriados thoroughly appreciates the change of pace.
You conjure some foxfire!
You conjure some foxfire!
Your foxfire dissipates! x2
Your foxfire dissipates! x2
Magic restored.
You see here a hound corpse.
There is an open door here.
Key pressed, stopping explore.
The centaur shouts!
The centaur wields a +0 shortbow.
The centaur shoots an arrow.
The arrow hits you.
The centaur shoots an arrow.
The arrow closely misses you.
A centaur is nearby!
You conjure some foxfire!
The centaur shoots an arrow.
The arrow hits you!
The centaur shoots an arrow.
The arrow hits you!
The centaur shoots an arrow.
The arrow hits you!
You are too injured to fight recklessly!
The centaur shoots an arrow.
The arrow hits you!
* * * LOW HITPOINT WARNING * * *
The centaur shoots an arrow.
The arrow hits you!
You die...

#.....# PP ...#.....#
.PPP...#.....# c#
PP_PP.#.#.....# #+# ...
.PP....#.....# ###.#
...P P.....#.....###...#
.....#.§...#.....'†.....
[......§...#.....##..∩..
#@...#.....##.....
#§...#.....###...#
#####§...#.....# #.###
#..#§..§.#.....# #+# ∆
#..#§v§§.#.....###.##
#..#.§§..#..........#
#..###'###..........#+
#..#................#.
#..#................#.


You could see a centaur.

Vanquished Creatures
  2 ice beasts (D:5)
  A scorpion (D:6)
  3 wights (D:4)
  5 hounds
  2 orc priests
  8 adders
  A white imp (D:6)
  An ufetubus (D:4)
  A worm (D:3)
  5 dart slugs
  10 orcs
  6 bats
  3 endoplasms
  11 giant cockroaches
  7 goblins
  4 hobgoblins
  3 jackals (D:3)
  5 kobolds
  A quokka (D:3)
  3 training dummies (D:5)
  9 ball pythons
  4 frilled lizards
  5 rats
100 creatures vanquished.

Vanquished Creatures (collateral kills)
  4 foxfires (D:6)
4 creatures vanquished.

Vanquished Creatures (others)
  400 foxfires
400 creatures vanquished.

Grand Total: 504 creatures vanquished

Notes
Turn   | Place    | Note
-------+----------+-------------------------------------------
     0 | D:1      | retardedninja the Gnoll Fire Elementalist began the quest
                  | for the Orb.
     0 | D:1      | Reached XP level 1. HP: 13/13 MP: 6/6
   347 | D:1      | Reached XP level 2. HP: 19/19 MP: 5/7
  1352 | D:1      | Reached skill level 5 in Spellcasting
  1352 | D:1      | Reached XP level 3. HP: 19/25 MP: 4/9
  1541 | D:1      | Learned a level 2 spell: Scorch
  1774 | D:2      | Reached skill level 1 in Invocations
  2030 | D:2      | Reached skill level 1 in Fighting
  2030 | D:2      | Reached skill level 1 in Short Blades
  2030 | D:2      | Reached skill level 1 in Long Blades
  2030 | D:2      | Reached skill level 1 in Axes
  2030 | D:2      | Reached skill level 1 in Maces & Flails
  2030 | D:2      | Reached skill level 1 in Polearms
  2030 | D:2      | Reached skill level 1 in Staves
  2030 | D:2      | Reached skill level 1 in Ranged Weapons
  2030 | D:2      | Reached skill level 1 in Throwing
  2030 | D:2      | Reached skill level 1 in Armour
  2030 | D:2      | Reached skill level 1 in Shields
  2030 | D:2      | Reached skill level 1 in Unarmed Combat
  2030 | D:2      | Reached skill level 1 in Evocations
  2030 | D:2      | Reached XP level 4. HP: 24/32 MP: 1/11
  2202 | D:2      | Reached skill level 1 in Hexes
  2202 | D:2      | Reached skill level 1 in Summonings
  2202 | D:2      | Reached skill level 1 in Necromancy
  2202 | D:2      | Reached skill level 1 in Translocations
  2202 | D:2      | Reached skill level 1 in Transmutations
  2202 | D:2      | Reached skill level 1 in Ice Magic
  2202 | D:2      | Reached skill level 1 in Air Magic
  2202 | D:2      | Reached skill level 1 in Earth Magic
  2202 | D:2      | Reached skill level 1 in Poison Magic
  2406 | D:2      | Found a runed translucent door.
  2407 | D:2      | Noticed Crazy Yiuf
  3504 | D:3      | Reached XP level 5. HP: 32/37 MP: 2/12
  4501 | D:3      | Found a snail-covered altar of Cheibriados.
  4535 | D:3      | Became a worshipper of Cheibriados the Contemplative
  4678 | D:4      | Found a radiant altar of Vehumet.
  4709 | D:4      | Reached skill level 5 in Dodging
  4709 | D:4      | Reached XP level 6. HP: 44/44 MP: 1/14
  5156 | D:4      | Reached * piety under Cheibriados
  5964 | D:5      | Entered Level 5 of the Dungeon
  6111 | D:5      | Found a runed translucent door.
  6111 | D:5      | Noticed Unforgiven's ghost (novice GrFi)
  6111 | D:5      | Noticed an ice beast
  6119 | D:5      | Killed an ice beast
  6120 | D:5      | Reached XP level 7. HP: 51/51 MP: 11/15
  6206 | D:5      | Reached skill level 5 in Stealth
  6302 | D:5      | Found Xiekk's Firing Range.
  6898 | D:6      | Found a glowing silver altar of Zin.
  6912 | D:6      | Found a staircase to the Ecumenical Temple.
  6929 | Temple   | Entered the Ecumenical Temple
  6929 | Temple   | Found a transporter.
  6929 | Temple   | Found a transporter.
  6931 | Temple   | Found a transporter.
  6931 | Temple   | Found a transporter.
  7032 | D:6      | Found Ycwax's Antique Weapon Shop.
  7050 | D:6      | Reached skill level 6 in Fire Magic
  7141 | D:6      | Found an ornate altar of the Wu Jian Council.
  7147 | D:6      | Found an ancient bone altar of Kikubaaqudgha.
  7231 | D:6      | Found a blossoming altar of Fedhas.
  7486 | D:6      | Shot with an arrow by a centaur

Illustrated notes

Levels and vault maps discovered:
D:1:      elethiomel_arrival_quiet, layout_basic
D:2:      layout_loops_corners, minmay_tripent, uniq_crazy_yiuf_cottage
D:3:      minmay_roachtagon, layout_loops_ring,
          mainiacjoe_overflow_surrounded_room, minmay_fractal_squares_5
D:4:      layout_loops_corners, amcnicky_altar_gilded, hex_tiny
D:5:      layout_gridville, hellmonk_ghost_happy_afterlife,
          nicolae_shop_firing_range
D:6:      layout_gridville, fedhas_bush_and_centaur_altar, zin_scriptorium,
          nicolae_overflow_hidden_temple, lemuel_coloured_pillars_altar,
          mainiacjoe_overflow_large_starburst, minmay_temple_entry_slanted,
          serial_shops, nicolae_shop_rolling_square
Temple:   hellmonk_temple_divided_pantheon

Skill      XL: |  1  2  3  4  5  6  7 |
---------------+----------------------+-----
Conjurations   | 2 3 |  3.2
Spellcasting   | 5 |  5.8
Invocations    | 1 2 3 |  3.2
Fighting       | 1 2 |  2.9
Short Blades   | 1 2 |  2.9
Long Blades    | 1 2 |  2.9
Axes           | 1 2 |  2.9
Maces & Flails | 1 2 |  2.9
Polearms       | 1 2 |  2.9
Staves         | 1 2 |  2.9
Ranged Weapons | 1 2 |  2.9
Throwing       | 1 2 |  2.9
Armour         | 1 2 |  2.9
Shields        | 1 2 |  2.9
Unarmed Combat | 1 2 |  2.9
Evocations     | 1 2 |  2.9
Hexes          | 1 2 |  2.3
Summonings     | 1 2 |  2.3
Necromancy     | 1 2 |  2.3
Translocations | 1 2 |  2.3
Transmutations | 1 2 |  2.3
Ice Magic      | 1 2 |  2.3
Air Magic      | 1 2 |  2.3
Earth Magic    | 1 2 |  2.3
Poison Magic   | 1 2 |  2.3
Dodging        | 5 |  5.4
Stealth        | 5 |  5.1
Fire Magic     | 6 |  6.0

Action                     |  1- 3 |  4- 6 |  7- 9 || total
---------------------------+-------+-------+-------++-------
  Melee: Short sword       |     1 |     2 |       ||     3
         Flail             |       |    10 |       ||    10
         Rapier            |       |     1 |       ||     1
         Punch             |       |     1 |       ||     1
         Bite              |       |     1 |       ||     1
         Great sword       |       |       |     3 ||     3
   Cast: Foxfire           |    81 |   130 |    35 ||   246
         Scorch            |     3 |    21 |     4 ||    28
  Evoke: Wand              |       |     1 |       ||     1
    Use: Potion            |       |     1 |       ||     1
 Armour: Robe              |     5 |    19 |     5 ||    29
  Dodge: Dodged            |    11 |    55 |    25 ||    91

Table legend: (Time is in decaauts)
 A = Elapsed time spent in this place.
 B = Non-inter-level travel time spent in this place.
 C = Inter-level travel time spent in this place.
 D = Time resting spent in this place.
 E = Time spent auto-exploring this place.
 F = Levels seen in this place.
 G = Mean time per level.
                   A        B        C        D        E       F      G
               +--------+--------+--------+--------+--------+-----+--------+
         Total |   8200 |   7972 |    228 |    625 |   6240 |   7 | 1171.4 |
       Dungeon |   8147 |   7932 |    215 |    625 |   6230 |   6 | 1357.8 |
        Temple |     52 |     40 |     12 |      0 |     10 |   1 |   52.0 |
               +--------+--------+--------+--------+--------+-----+--------+

Top non-repeatable levels by time:
     D:4: 1717 daAuts
     D:1: 1585 daAuts
     D:3: 1518 daAuts
     D:2: 1461 daAuts
     D:5: 1032 daAuts
     D:6: 832 daAuts
  Temple: 52 daAuts
